[Event "SS Manhem Chess Week 2022: Goteborg Open"]
[Site "Schackcentrum, Vegagatan 20, Gothenburg, Sweden"]
[Date "2022.08.12"]
[Round "3.11"]
[White "Imani Lasaki, Hamed"]
[Black "Westlund, Tim"]
[Result "0-1"]
[TimeControl "15 minutes + 5 seconds per move from move one (Round 1 - 4) / 90 minutes + 30 seconds per move from move one (Round 5 - 8)"]
[WhiteFideId "1766970"]
[BlackFideId "1754718"]
[WhiteElo "1577"]
[BlackElo "1760"]

1. d4 Nf6 2. c4 e6 3. Nc3 Bb4 4. Bg5 O-O 5. e3 d5 6. Qc2 Nbd7 7. Nf3 b6 8. cxd5 exd5 9. a3 Be7 10.
Bd3 Bb7 11. O-O Ne4 12. Bxe7 Qxe7 13. Rac1 f5 14. Ne2 Rac8 15. Qb3 c5 16. Bb1 Ba6 17. Rfe1 Ndf6 18. Qa4 Bxe2 19. Rxe2 cxd4 20.
Rxc8 Rxc8 21. Qxd4 Rc1+ 22. Re1 Qc7 23. Ba2 Rxe1+ 24. Nxe1 Qc5 25. f3 Qxd4 26. exd4 Nd6 27. Nd3 Nb5 28.
Nb4 Nxd4 29. Bxd5+ Nxd5 30. Nxd5 Kf7 31. Kf2 Nc6 32. Ke3 Na5 33. Kd3 Nb3 34. Nb4 Nc5+ 35. Kc4 Ke6 36. Nc6 a5 37.
Kb5 Nd7 38. f4 Kd5 39. g3 Ke4 40. Ne7 g6 41. Kc6 Nc5 42. Kxb6 Na4+ 43. Kxa5 Nxb2 44. Kb4 Kf3 45. a4 Nxa4 46.
Kxa4 Kg2 47. Nd5 Kxh2 48. Nf6 Kxg3 49.
Nd5 h5 50. Ne7 h4 51. Nxg6 h3 52. Ne7 h2 53. Nxf5+ Kh3 54. Ne7 h1=Q 55. f5 Qa8+ 56. Kb5 Qb7+ 57. Kc5 Qxe7+ 58. Kd5 Qf6 59. Ke4 Kg4 0-1

[Event "SS Manhem Chess Week 2022: Goteborg Open"]
[Site "Schackcentrum, Vegagatan 20, Gothenburg, Sweden"]
[Date "2022.08.12"]
[Round "3.15"]
[White "Johansson, Jan"]
[Black "Andreasson, Leo"]
[Result "1-0"]
[TimeControl "15 minutes + 5 seconds per move from move one (Round 1 - 4) / 90 minutes + 30 seconds per move from move one (Round 5 - 8)"]
[WhiteFideId "1747568"]
[BlackFideId "1768980"]
[WhiteElo "1666"]
[BlackElo "1132"]

1. d4 Nf6 2. Bf4 g6 3. Nc3 Bg7 4. Qd2 O-O 5. Bh6 d5 6. Nf3 Bg4 7. Ne5 Bf5 8. Bxg7 Kxg7 9. f3 Nbd7 10.
g4 Be6 11. h4 Nxe5 12. dxe5 Nd7 13. h5 Nxe5 14. hxg6 Rh8 15. Qh6+ Kg8 16. g7 Nxf3+ 17. exf3 Bf5 18. gxf5 Qd6 19.
gxh8=Q+ Kxh8 20. Qxh7# 1-0

[Event "SS Manhem Chess Week 2022: Goteborg Open"]
[Site "Schackcentrum, Vegagatan 20, Gothenburg, Sweden"]
[Date "2022.08.12"]
[Round "3.16"]
[White "Andreasson, Henrik"]
[Black "Kosmidis, Thomas"]
[Result "1/2-1/2"]
[TimeControl "15 minutes + 5 seconds per move from move one (Round 1 - 4) / 90 minutes + 30 seconds per move from move one (Round 5 - 8)"]
[WhiteFideId "1766082"]
[BlackFideId "1753380"]
[WhiteElo "1126"]
[BlackElo "1673"]

1. d4 c6 2. Nf3 d5 3. e3 Nf6 4. Be2 Bg4 5. Nbd2 e6 6. b3 Nbd7 7. a4 Bd6 8. Ba3 Bxa3 9. Rxa3 c5 10.
Bb5 O-O 11. Be2 Rc8 12. Ra1 cxd4 13. Nxd4 Bxe2 14. Nxe2 Nc5 15. Rc1 Nce4 16. O-O Qb6 17. Nd4 Nc3 18. Qf3 e5 19. Nf5 e4 20.
Qh3 Ne2+ 21. Kh1 Nxc1 22. Ne7+ Kh8 23. Nxc8 Qc5 24. Rxc1 Rxc8 25. b4 Qc3 26. Nb3 Rd8 27. b5 Qb4 28.
Ra1 h6 29. g3 Nh7 30. Nd4 Ng5 31. Qg4 Qc3 32. Rf1 Qc4 33. Ra1 Qc3 34. Rf1 Nf3 35. Rd1 Nxd4 36. Rxd4 Qxc2 37. Qf4 Kg8 38.
Kg2 Qc5 39. Qe5 Qd6 40. Qxd6 Rxd6 41. Kh3 f5 42. g4 g6 43. gxf5 gxf5 44. Kg3 Kg7 45. Kf4 Kf6 46. h4 Ke6 47. Rd1 a6 48. Rg1 Kf6 49.
h5 Kf7 50. Kxf5 axb5 51. axb5 Rb6 52. Rb1 Rf6+ 53. Ke5 Rxf2 54. Kxd5 Rf5+ 55. Kxe4 Rxh5 56. Rc1 Rxb5 57. Rc7+ Kf6 58. Kf4 Rb4+ 59. e4 b5 60.
Rc6+ Kg7 61. Kf5 h5 62. Rg6+ Kh7 63. Rg5 Kh6 64. Rg6+ Kh7 65. Rg5 Rb1 66. Rxh5+ Kg7 67.
Rg5+ Kf7 68. Ke5 b4 69. Kd4 Kf6 70.
Rb5 b3 71. Kc3 b2 72. Rxb2 1/2-1/2

[Event "SS Manhem Chess Week 2022: Goteborg Open"]
[Site "Schackcentrum, Vegagatan 20, Gothenburg, Sweden"]
[Date "2022.08.12"]
[Round "3.18"]
[White "Ghaderi, Noan"]
[Black "Braby, Berth S"]
[Result "1-0"]
[TimeControl "15 minutes + 5 seconds per move from move one (Round 1 - 4) / 90 minutes + 30 seconds per move from move one (Round 5 - 8)"]
[WhiteFideId "1747096"]
[BlackFideId "1715836"]
[WhiteElo "1367"]
[BlackElo "1566"]

1. e4 e6 2. d4 d5 3. e5 c5 4. c3 Nc6 5. Nf3 Qb6 6. dxc5 Bxc5 7. Qc2 Nge7 8. Bf4 O-O 9. Bd3 Ng6 10. Bg3 Bd7 11.
O-O Rac8 12. Nbd2 Nb4 13. cxb4 Bxf2+ 14. Bxf2 Qxf2+ 15. Rxf2 Rxc2 16. Bxc2 Rc8 17. Bxg6 hxg6 18. Ng5 Be8 19.
Nb3 Rc4 20. Rc1 Rxb4 21. Rc8 Kf8 22.
Rxf7+ 1-0

[Event "SS Manhem Chess Week 2022: Goteborg Open"]
[Site "Schackcentrum, Vegagatan 20, Gothenburg, Sweden"]
[Date "2022.08.12"]
[Round "3.19"]
[White "Westman, Lennart"]
[Black "Stedman, Theodor"]
[Result "1/2-1/2"]
[TimeControl "15 minutes + 5 seconds per move from move one (Round 1 - 4) / 90 minutes + 30 seconds per move from move one (Round 5 - 8)"]
[WhiteFideId "1718690"]
[BlackFideId "1756230"]
[WhiteElo "1655"]
[BlackElo "1474"]

1. e4 a6 2. d4 b5 3. Bd3 Bb7 4. f3 e6 5. Be3 Nf6 6. Ne2 d5 7. Nd2 dxe4 8. Nxe4 Nxe4 9. fxe4 Bd6 10.
Qd2 Bxe4 11. Bxe4 Qh4+ 12. Bf2 Qxe4 13. O-O Nd7 14. Nc3 Qf4 15. Qxf4 Bxf4 16. d5 O-O 17. dxe6 fxe6 18. Ne4 Nf6 19.
Nc5 Ng4 20. g3 Nxf2 21. gxf4 Nh3+ 22. Kh1 Nxf4 23. Rae1 g5 24. Rg1 h6 25. Nxe6 Nxe6 26. Rxe6 Rf2 27. Rxh6 Rxc2 28. Rxg5+ Kf7 29. Rgh5 Rd8 30. Rh7+ Ke6 31. R7h6+ Ke7 32. Rh7+ Kd6 33. R5h6+ Ke5 34.
Rh5+ Kf4 35. Rh4+ Kf3 36. Rf7+ Ke2 37. Re7+ Kd1 38. Rhe4 Rxb2 39. Re1+ Kd2 40. R1e2+ Kc1 41. Rxc7+ Kb1 42.
Re1+ Kxa2 43. Rcc1 Rd6 44. h4 Ka3 45. Re3+ Rb3 46. Rxb3+ Kxb3 47. Kh2 a5 48. Rc5 Kb4 49. Rg5 a4 50.
h5 a3 51. Rg6 Rd5 52. Rg4+ Kc3 53. Rg3+ Rd3 54. h6 Rxg3 55. Kxg3 b4 56. h7 b3 57. h8=Q+ Kc2 58. Qh7+ Kb2 59. Qg7+ Ka2 60. Qf7 Ka1 61. Qf2 Kb2 62. Qd2+ Kb1 63. Qd1+ Kb2 64. Qd2+ Kb1 1/2-1/2

[Event "SS Manhem Chess Week 2022: Goteborg Open"]
[Site "Schackcentrum, Vegagatan 20, Gothenburg, Sweden"]
[Date "2022.08.12"]
[Round "4.1"]
[White "Heimisson, Hilmir Freyr"]
[Black "Fransson, Lennart"]
[Result "1-0"]
[TimeControl "15 minutes + 5 seconds per move from move one (Round 1 - 4) / 90 minutes + 30 seconds per move from move one (Round 5 - 8)"]
[WhiteTitle "IM"]
[WhiteFideId "2309998"]
[BlackFideId "1706756"]
[WhiteElo "2323"]
[BlackElo "1958"]

1. c4 Nf6 2. Nc3 d5 3. cxd5 Nxd5 4.
g3 e5 5.
Bg2 Nb6 6. Nf3 Nc6 7. O-O Be7 8. Rb1 O-O 9. b4 f6 10. b5 Nd4 11. a4 Be6 12. d3 Nd5 13. Bb2 Nxf3+ 14. Bxf3 Nxc3 15.
Bxc3 Bd5 16. Bg4 f5 17. Bh3 Bd6 18. Bxf5 Rxf5 19. e4 Bxe4 20. dxe4 Rf7 21. Qd5 c6 22. bxc6 bxc6 23. Qc4 Qe7 24.
Bd2 Kh8 25. Be3 Rc8 26. Rfd1 a5 27. Rxd6 1-0

[Event "SS Manhem Chess Week 2022: Goteborg Open"]
[Site "Schackcentrum, Vegagatan 20, Gothenburg, Sweden"]
[Date "2022.08.12"]
[Round "4.2"]
[White "Eriksson, Joel"]
[Black "Jacobsen, Mikkel Manosri"]
[Result "0-1"]
[TimeControl "15 minutes + 5 seconds per move from move one (Round 1 - 4) / 90 minutes + 30 seconds per move from move one (Round 5 - 8)"]
[BlackTitle "FM"]
[WhiteFideId "1729233"]
[BlackFideId "1444514"]
[WhiteElo "1949"]
[BlackElo "2320"]

1. e4 c6 2. d4 d5 3.
exd5 cxd5 4. Bd3 Nc6 5.
c3 Nf6 6. Bf4 Bg4 7. Qb3 Qd7 8. Nd2 e6 9. Ngf3 Bd6 10. Bxd6 Qxd6 11. O-O O-O 12. Rae1 Bxf3 13. Nxf3 Nd7 14.
Qc2 g6 15. Qe2 Rab8 16. Ne5 Ndxe5 17. dxe5 Qc5 18. Kh1 b5 19. f4 b4 20. cxb4 Qxb4 21. b3 Rfc8 22. Qg4 a5 23. Re3 Qd4 24. Rg3 Ne7 25. h4 Rc3 26.
Bb1 Rbc8 27. Rxc3 Qxc3 28. h5 Qb2 29. Kh2 Rc1 30. Rxc1 Qxc1 31. Qg5 Qxb1 32. Qxe7 Qf5 33. Qd8+ Kg7 34. hxg6 Qxf4+ 35. Kh1 hxg6 36.
Qxa5 d4 37. Qb5 Qe4 38. a4 d3 39. Qa5 Qh4+ 40. Kg1 Qd4+ 0-1

[Event "SS Manhem Chess Week 2022: Goteborg Open"]
[Site "Schackcentrum, Vegagatan 20, Gothenburg, Sweden"]
[Date "2022.08.12"]
[Round "4.3"]
[White "Nygren, Kim"]
[Black "Lindholm, Marcus"]
[Result "1-0"]
[TimeControl "15 minutes + 5 seconds per move from move one (Round 1 - 4) / 90 minutes + 30 seconds per move from move one (Round 5 - 8)"]
[WhiteTitle "CM"]
[WhiteFideId "1706136"]
[BlackFideId "1743473"]
[WhiteElo "2229"]
[BlackElo "1666"]

1. e4 c5 2. Nf3 e6 3. b4 cxb4 4. a3 bxa3 5. Bxa3 Bxa3 6. Nxa3 a6 7. e5 Ne7 8. Nc4 O-O 9. d4 b5 10. Nd6 Nf5 11. Ne4 Bb7 12.
Bd3 Nc6 13. Nc5 Qc7 14. c3 b4 15. g4 bxc3 16. Nxb7 Qxb7 17. Rb1 Nb4 18. O-O Ne7 19. Ng5 h6 20. Ne4 a5 21. g5 Qc6 22.
gxh6 c2 23. Nf6+ Kh8 24. hxg7+ Kxg7 25. Qg4+ Ng6 26. Nh5+ Kh8 27. Qh3 Nh4 28. Qxh4 Rg8+ 29. Ng3+ Kg7 30. Qh7+ Kf8 31. Rbc1 Nxd3 32.
Qxd3 Rc8 33. Qa3+ Ke8 34. Qxa5 Qe4 35. Qd2 Qh4 36. Rxc2 Rxc2 37. Qxc2 Rh8 38. f4 1-0

[Event "SS Manhem Chess Week 2022: Goteborg Open"]
[Site "Schackcentrum, Vegagatan 20, Gothenburg, Sweden"]
[Date "2022.08.12"]
[Round "4.4"]
[White "Westlund, Tim"]
[Black "Rasti, Arvin"]
[Result "0-1"]
[TimeControl "15 minutes + 5 seconds per move from move one (Round 1 - 4) / 90 minutes + 30 seconds per move from move one (Round 5 - 8)"]
[WhiteFideId "1754718"]
[BlackFideId "1741160"]
[WhiteElo "1760"]
[BlackElo "2156"]

1. e4 c6 2. d4 d5 3. exd5 cxd5 4. Bd3 Nf6 5. Nf3 Bg4 6.
h3 Bh5 7. Bf4 e6 8. Nbd2 Nc6 9. c3 Bd6 10. Bxd6 Qxd6 11. O-O O-O 12. Qc2 Rac8 13. Qb3 Rb8 14. Rae1 Nd7 15. Bb1 b5 16.
Nh4 Qf4 17. Qc2 Nf6 18. Nhf3 Bg6 19. Qd1 Nd7 20. Bxg6 hxg6 21. Re2 b4 22. Qa4 Qd6 23. Rfe1 bxc3 24. bxc3 Rb7 25. Nb3 Rfb8 26.
Ne5 Ncxe5 27. dxe5 Qc7 28. Re3 Nb6 29. Qd4 Nc4 30. R3e2 Rc8 31. f4 Na3 32. Rc1 Nb5 33. Qd3 Qb6+ 34.
Kh1 Rbc7 35. Rec2 Rc4 36. Nd2 R4c5 37. c4 dxc4 38. Nxc4 Qa6 39. Ne3 Rxc2 40. Rxc2 Rb8 41. Rb2 Qa4 42.
Nc4 Rc8 43. Rc2 Qb4 44. Nd2 Rxc2 45. Qxc2 Qxf4 46. Nf3 Kh7 47. Qc5 a6 48. Qe7 Qc1+ 49. Kh2 Qf4+ 50. Kh1 f6 51. exf6 Qxf6 52.
Ng5+ Kh6 53. Nf7+ Kh5 54. Qe8 Qf1+ 55. Kh2 Qf4+ 56. Kh1 Kh4 57. Qd8+ g5 0-1

[Event "SS Manhem Chess Week 2022: Goteborg Open"]
[Site "Schackcentrum, Vegagatan 20, Gothenburg, Sweden"]
[Date "2022.08.12"]
[Round "4.6"]
[White "Johansson, Jan"]
[Black "Kasib, Laith"]
[Result "0-1"]
[TimeControl "15 minutes + 5 seconds per move from move one (Round 1 - 4) / 90 minutes + 30 seconds per move from move one (Round 5 - 8)"]
[BlackTitle "FM"]
[WhiteFideId "1747568"]
[BlackFideId "4801059"]
[WhiteElo "1666"]
[BlackElo "2051"]

1. d4 Nf6 2. Bf4 g6 3. Nc3 d5 4. Qd2 c6 5. h4 h6 6. Nf3 Bf5 7. e3 Bg7 8. Be2 Nbd7 9. Ne5 Nxe5 10.
Bxe5 Qd7 11. f3 h5 12. Na4 b6 13. Ba6 Bh6 14. O-O-O O-O 15. Be2 c5 16. Nc3 c4 17. Bxf6 exf6 18.
g4 Rfe8 19. g5 fxg5 20. hxg5 Bg7 21. Kb1 b5 22. e4 dxe4 23. fxe4 Be6 24. e5 b4 25. Ne4 c3 26. bxc3 bxc3 27. Nxc3 Rab8+ 28. Ka1 Rec8 29. Ba6 Rc7 30.
Qc1 Rxc3 0-1

[Event "SS Manhem Chess Week 2022: Goteborg Open"]
[Site "Schackcentrum, Vegagatan 20, Gothenburg, Sweden"]
[Date "2022.08.12"]
[Round "4.7"]
[White "Pettersson, Anders"]
[Black "Wickstrom, Lars"]
[Result "1-0"]
[TimeControl "15 minutes + 5 seconds per move from move one (Round 1 - 4) / 90 minutes + 30 seconds per move from move one (Round 5 - 8)"]
[WhiteFideId "1715143"]
[BlackFideId "1770837"]
[WhiteElo "2042"]
[BlackElo "1753"]

1. d4 d5 2. c4 c6 3. Nc3 e6 4. e4 Bb4 5. e5 c5 6.
a3 cxd4 7. axb4 dxc3 8. bxc3 Qc7 9. Nf3 dxc4 10. Qd4 b5 11. Qg4 f5 12. exf6 Nxf6 13. Qg5 Nd5 14. Nd4 a6 15. Nxb5 axb5 16.
Rxa8 Nxc3 17. Bb2 Qc6 18. Rxb8 1-0

[Event "SS Manhem Chess Week 2022: Goteborg Open"]
[Site "Schackcentrum, Vegagatan 20, Gothenburg, Sweden"]
[Date "2022.08.12"]
[Round "4.8"]
[White "Persson, Sebastian"]
[Black "Johansson, William"]
[Result "0-1"]
[TimeControl "15 minutes + 5 seconds per move from move one (Round 1 - 4) / 90 minutes + 30 seconds per move from move one (Round 5 - 8)"]
[WhiteFideId "1764187"]
[BlackFideId "1744070"]
[WhiteElo "1631"]
[BlackElo "2015"]

1. d4 Nf6 2. c4 c5 3. Nf3 cxd4 4. Nxd4 e5 5. Nb3 a5 6. g3 a4 7. N3d2 Bc5 8. Bg2 Bxf2+ 9. Kxf2 Ng4+ 10. Kf3 d5 11. e4 d4 12. Qf1 d3 13. Nb3 Qf6+ 14. Bf4 axb3 15. Qxd3 exf4 16. gxf4 Ne5+ 0-1

[Event "SS Manhem Chess Week 2022: Goteborg Open"]
[Site "Schackcentrum, Vegagatan 20, Gothenburg, Sweden"]
[Date "2022.08.12"]
[Round "4.9"]
[White "Hammar, Arvid"]
[Black "Asbrink, Adam"]
[Result "0-1"]
[TimeControl "15 minutes + 5 seconds per move from move one (Round 1 - 4) / 90 minutes + 30 seconds per move from move one (Round 5 - 8)"]
[WhiteFideId "1735977"]
[BlackFideId "1767410"]
[WhiteElo "1384"]
[BlackElo "1977"]

1. c4 c6 2. d4 d5 3.
cxd5 cxd5 4. Nc3 Nf6 5. g3 Nc6 6. Nf3 Bf5 7. Bg2 h6 8. O-O e6 9. Bf4 Qb6 10. Na4 Qa5 11. b3 Be7 12.
Rc1 Ba3 13. Bd2 Qd8 14. Rc3 Ne4 15. Re3 O-O 16. Bc1 Qe7 17. Nh4 Bh7 18. f3 Nf6 19. g4 Bxc1 20. Qxc1 Nxd4 21. Rd1 Rac8 22.
Qb2 Nc6 23. Nf5 Qc7 24. Nxh6+ gxh6 25. Qxf6 d4 26. Rxe6 fxe6 27. Qxe6+ Qf7 28. Qxh6 Rce8 29. Re1 d3 30. e3 Qf6 31.
Qh3 Rxe3 32. Rd1 Qd4 33. Kf1 d2 34.
Qg3 Bd3+ 35. Kg1 Re1# 0-1

[Event "SS Manhem Chess Week 2022: Goteborg Open"]
[Site "Schackcentrum, Vegagatan 20, Gothenburg, Sweden"]
[Date "2022.08.12"]
[Round "4.12"]
[White "Shchetinin, Oleg"]
[Black "Andreasson, Henrik"]
[Result "1-0"]
[TimeControl "15 minutes + 5 seconds per move from move one (Round 1 - 4) / 90 minutes + 30 seconds per move from move one (Round 5 - 8)"]
[WhiteFideId "1740210"]
[BlackFideId "1766082"]
[WhiteElo "1643"]
[BlackElo "1126"]

1. d4 Nf6 2. Nf3 g6 3.
Bf4 d6 4. Nbd2 Bg7 5. c3 Nbd7 6. e3 O-O 7. Be2 a6 8. O-O b5 9. a4 c6 10. axb5 cxb5 11. Bxb5 Qb6 12. Bxd7 Bxd7 13.
b3 Bg4 14. h3 Bd7 15. e4 Rfc8 16. Nc4 Qc7 17. e5 Ne8 18. exd6 Nxd6 19. Nxd6 exd6 20. Rc1 Bf8 21. c4 Qb7 22.
d5 a5 23. Nd2 a4 24. bxa4 Rxa4 25. Rb1 Qc7 26. Qb3 Rxc4 27. Nxc4 Qxc4 28. Qxc4 Rxc4 29. Bg3 Bh6 30. Bxd6 Kg7 31. Rb7 Bf5 32. Be5+ Kf8 33.
d6 Rc8 34. Rd1 Bg5 35. f4 Bd8 36. Ra1 Rc2 37. Ra8 Ke8 38. Rbb8 Kd7 39. Rxd8+ Ke6 40. Re8+ Kd5 41. Ra5+ Ke4 42.
Ra4+ Ke3 43. Bd4+ Kd2 44. Be3+ Ke2 45. Re7 Be6 46. Rxe6 fxe6 47. d7 1-0

[Event "SS Manhem Chess Week 2022: Goteborg Open"]
[Site "Schackcentrum, Vegagatan 20, Gothenburg, Sweden"]
[Date "2022.08.12"]
[Round "4.13"]
[White "Karlsson, Stefan"]
[Black "Ghaderi, Noan"]
[Result "0-1"]
[TimeControl "15 minutes + 5 seconds per move from move one (Round 1 - 4) / 90 minutes + 30 seconds per move from move one (Round 5 - 8)"]
[WhiteFideId "1771183"]
[BlackFideId "1747096"]
[WhiteElo "1560"]
[BlackElo "1367"]

1. e4 c6 2. d4 d5 3. e5 Bf5 4. h4 h6 5. c4 e6 6. Nc3 Nd7 7. cxd5 cxd5 8. Bd3 Bxd3 9. Qxd3 Ne7 10. Nf3 Nc6 11.
a3 Be7 12. g4 Rc8 13. g5 hxg5 14. Bxg5 Bxg5 15. Nxg5 Qxg5 16. hxg5 Rxh1+ 17. Ke2 Rxa1 18. Nb5 Ke7 19. g6 f6 20. f4 a6 21. Nd6 Rh8 22. Kd2 Rh2+ 23.
Kc3 Rc1+ 24. Kb3 Rcc2 25. Nc8+ Kd8 26. Nd6 Rxb2+ 27. Kc3 Na5 28. Qd1 Rb3+ 29. Qxb3 Nxb3 30. Kxb3 fxe5 31. fxe5 Rh4 32.
Kc3 Rh3+ 33. Kb4 a5+ 34. Kxa5 Rxa3+ 35. Kb4 Rg3 36. Nxb7+ Kc7 37. Nd6 Rxg6 38. Ne8+ Kc6 39. Kc3 Nb6 40.
Nd6 Nc4 41. Nc8 Rg3+ 42. Kb4 Rd3 43. Na7+ Kb7 44. Nb5 Rd2 45. Kc3 Rf2 46. Kb4 Rb2+ 47. Kc5 Rxb5+ 48. Kxb5 g5 49. Kc5 g4 50. Kb4 g3 51. Kc5 g2 52. Kb4 g1=Q 53. Kc5 Qe1 54. Kb5 Qa5# 0-1

[Event "SS Manhem Chess Week 2022: Goteborg Open"]
[Site "Schackcentrum, Vegagatan 20, Gothenburg, Sweden"]
[Date "2022.08.12"]
[Round "4.14"]
[White "Degerfeldt, Sven"]
[Black "Imani Lasaki, Hamed"]
[Result "0-1"]
[TimeControl "15 minutes + 5 seconds per move from move one (Round 1 - 4) / 90 minutes + 30 seconds per move from move one (Round 5 - 8)"]
[WhiteFideId "1717430"]
[BlackFideId "1766970"]
[WhiteElo "1842"]
[BlackElo "1577"]

1. d4 d5 2. Nf3 Nf6 3. g3 g6 4. Bg2 Bg7 5.
O-O O-O 6. c4 c6 7. Nc3 Nbd7 8. cxd5 cxd5 9. b3 a6 10. Bb2 e6 11. Re1 b5 12. Qd3 Bb7 13. Nd2 Re8 14. f4 Qb6 15.
e3 Bc6 16. b4 a5 17. a3 a4 18. Bf3 Rab8 19. Kg2 Qd8 20. e4 dxe4 21. Ndxe4 Nxe4 22. Nxe4 Bxe4 23. Bxe4 Nf6 24. Bc6 Re7 25. Bxb5 Qd5+ 26.
Kg1 Qxb5 27. Qxb5 Rxb5 28. Rac1 Re8 29. Rc5 Reb8 30. Rec1 Ne4 31. Rxb5 Rxb5 32. Rc8+ Bf8 33. Ra8 Nd2 34.
Rxa4 Nc4 35. Bc1 Kg7 36. Ra8 Be7 37. Kf1 Bf6 38. Ke2 Rd5 39. a4 Rxd4 40. b5 Nb6 41. Ra6 Nxa4 42. Be3 Re4 43.
Kf3 Rb4 44. b6 Nc3 45. Ra7 Nd5 46. b7 Nxe3 0-1

[Event "SS Manhem Chess Week 2022: Goteborg Open"]
[Site "Schackcentrum, Vegagatan 20, Gothenburg, Sweden"]
[Date "2022.08.12"]
[Round "4.15"]
[White "Andreasson, Leo"]
[Black "Mohammed, Safian Haj"]
[Result "1/2-1/2"]
[TimeControl "15 minutes + 5 seconds per move from move one (Round 1 - 4) / 90 minutes + 30 seconds per move from move one (Round 5 - 8)"]
[WhiteFideId "1768980"]
[BlackFideId "1729276"]
[WhiteElo "1132"]
[BlackElo "1794"]

1. Nf3 Nf6 2. d4 g6 3. c4 d5 4. Nc3 Bg7 5. Bd2 O-O 6. Qc1 Re8 7. Bh6 Bh8 8.
e3 c6 9.
Bd3 Bg7 10. Bxg7 Kxg7 11. O-O Bg4 12. Ne5 Be6 13. h3 Nbd7 14. Nf3 dxc4 15. Bc2 b5 16. Ng5 Nb6 17. Nxe6+ fxe6 18. a4 a6 19.
Qd1 Nbd5 20. Nxd5 exd5 21. Qf3 b4 22. b3 c3 23. Rad1 e5 24. dxe5 Rxe5 25. Qf4 Re8 26. Qxb4 Rc8 27.
Qxc3 Qe7 28. Qd3 Ne4 29. Qxa6 Nc5 30. Qe2 Rb8 31. Rb1 Rb4 32. Qd2 Reb8 33. Qd1 Ne6 34. Re1 Rd8 35. Qe2 Re8 36.
Rbd1 Nc5 37. Rb1 Ne6 38. Rbd1 Qg5 39. Qd2 Qe7 40. Qe2 Nf4 41. Qd2 Ne6 42. Qe2 Nf4 43. Qf3 Ne6 44. Qe2 Nf4 45.
Qf3 Ne6 46. Qe2 1/2-1/2

[Event "SS Manhem Chess Week 2022: Goteborg Open"]
[Site "Schackcentrum, Vegagatan 20, Gothenburg, Sweden"]
[Date "2022.08.12"]
[Round "4.16"]
[White "Jonbrink, Per-Olof"]
[Black "Josefsson, Ivar"]
[Result "1-0"]
[TimeControl "15 minutes + 5 seconds per move from move one (Round 1 - 4) / 90 minutes + 30 seconds per move from move one (Round 5 - 8)"]
[WhiteFideId "1720163"]
[BlackFideId "1766040"]
[WhiteElo "1728"]
[BlackElo "1565"]

1. e4 e5 2. Nf3 Nc6 3. d4 exd4 4. Bc4 Nf6 5. e5 Ne4 6. O-O Be7 7. Re1 d5 8. exd6 Nxd6 9. Bb3 O-O 10.
Nxd4 Nxd4 11. Qxd4 Bf6 12. Qd1 Bf5 13. Nc3 Bxc3 14. bxc3 Qf6 15. Be3 Qxc3 16. Bd4 Qc6 17. f3 Rad8 18.
Qe2 Rfe8 19. Qf2 h6 20. Qg3 Bg6 21. Bb2 Qb6+ 22. Kh1 c5 23. Qxg6 Rxe1+ 24. Rxe1 Ne8 25. Rxe8+ Rxe8 26. Qxg7#
1-0

[Event "SS Manhem Chess Week 2022: Goteborg Open"]
[Site "Schackcentrum, Vegagatan 20, Gothenburg, Sweden"]
[Date "2022.08.12"]
[Round "4.17"]
[White "Kosmidis, Thomas"]
[Black "Al Saab, Ranny"]
[Result "0-1"]
[TimeControl "15 minutes + 5 seconds per move from move one (Round 1 - 4) / 90 minutes + 30 seconds per move from move one (Round 5 - 8)"]
[WhiteFideId "1753380"]
[BlackFideId "1768360"]
[WhiteElo "1673"]
[BlackElo "1516"]

1. d4 d5 2. c4 e6 3. Nc3 Bb4 4. cxd5 exd5 5. Nf3 Nc6 6. Bf4 Nf6 7. e3 Bf5 8. Bb5 O-O 9. O-O a6 10. Bxc6 bxc6 11. Ne5 c5 12.
a3 Bxc3 13. bxc3 c4 14. f3 Re8 15. Re1 Nh5 16. Bg3 Nxg3 17. hxg3 Qd6 18. Kf2 f6 19. g4 Bc8 20. Qa4 Qe6 21. Qc6 Ra7 22. Qc5 Rb7 23. a4 fxe5 24.
dxe5 Qxe5 25. Rad1 Rb2+ 26. Kg1 Qg3 27. Qxd5+ Kh8 28. f4 Bb7 29. Qxb7 Rxb7 0-1

[Event "SS Manhem Chess Week 2022: Goteborg Open"]
[Site "Schackcentrum, Vegagatan 20, Gothenburg, Sweden"]
[Date "2022.08.12"]
[Round "4.18"]
[White "Sundin, Sven-Ingvar"]
[Black "Persson, Michael"]
[Result "1/2-1/2"]
[TimeControl "15 minutes + 5 seconds per move from move one (Round 1 - 4) / 90 minutes + 30 seconds per move from move one (Round 5 - 8)"]
[WhiteFideId "1724517"]
[BlackFideId "1764179"]
[WhiteElo "1637"]
[BlackElo "1267"]

1. e4 e5 2. Nf3 Nc6 3. Bb5 d6 4. h3 Bd7 5. c3 a6 6.
Ba4 b5 7. Bc2 Nf6 8. O-O Be7 9. d4 exd4 10. cxd4 Nb4 11. Nc3 Nxc2 12. Qxc2 O-O 13. e5 dxe5 14. dxe5 Ne8 15. Be3 Bc6 16.
Rad1 Qc8 17. Nd4 Bb7 18. Nf5 Qe6 19. Nxe7+ Qxe7 20. f4 f6 21. Nd5 Bxd5 22. Rxd5 fxe5 23. Rxe5 Qf6 24. g4 Qh6 25.
Kh2 c6 26. Qc5 Rd8 27. f5 Qd6 28. Rc1 Qd3 29. Rc2 Qd1 30. Qxc6 Nf6 31. Qc3 Nxg4+ 32. hxg4 Qxg4 33. Rf2 Qh4+ 34.
Kg2 Qg4+ 35. Kh2 Qh4+ 36. Kg2 Qg4+ 1/2-1/2

[Event "SS Manhem Chess Week 2022: Goteborg Open"]
[Site "Schackcentrum, Vegagatan 20, Gothenburg, Sweden"]
[Date "2022.08.13"]
[Round "5.1"]
[White "Jacobsen, Mikkel Manosri"]
[Black "Nygren, Kim"]
[Result "1-0"]
[TimeControl "15 minutes + 5 seconds per move from move one (Round 1 - 4) / 90 minutes + 30 seconds per move from move one (Round 5 - 8)"]
[WhiteTitle "FM"]
[BlackTitle "CM"]
[WhiteFideId "1444514"]
[BlackFideId "1706136"]
[WhiteElo "2320"]
[BlackElo "2229"]

1. d4 f5 2. g3 Nf6 3. Bg2 g6 4. Nf3 Bg7 5. O-O O-O 6. c4 d6 7. Nc3 c6 8. Qc2 Na6 9. Rd1 Qe8 10.
b3 Nb4 11. Qb1 e5 12. a3 Na6 13. b4 f4 14. gxf4 e4 15. Ng5 c5 16. Be3 cxd4 17. Bxd4 Bf5 18. Ngxe4 Nxe4 19. Bxe4 Rc8 20.
Bxg7 Kxg7 21. Qd3 Bxe4 22. Nxe4 Rxf4 23. Nxd6 Qc6 24. Qd5 Rcf8 25. Qxc6 bxc6 26. f3 Nc7 27. Ne4 Ne6 28. Rd6 Re8 29.
Rad1 g5 30. Rxc6 g4 31. Rdd6 gxf3 32. exf3 Nf8 33. Rc7+ Kh8 34. Rf6 Rh4 35. Rff7 Rd8 36. Nf6 Rh6 37. Rxa7 Rd1+ 38. Kg2 Rd2+ 39.
Kg3 Rd8 40. h4 1-0